Hartford Whalers vs Boston Bruins
Created - Monday, September 11, 2023 at 07:26
Goals
|
| Hartford Whalers |
0 |
1 |
0 |
1 |
| Boston Bruins |
0 |
1 |
1 |
2 |
|
Shots
|
| Hartford Whalers |
10 |
14 |
11 |
35 |
| Boston Bruins |
8 |
11 |
17 |
36 |
|
1st period
No Goal
Penalties :
Charlie McAvoy (BOS) for Roughing (Minor) at 5:55, Connor Clifton (HFD) for Hooking (Minor) at 11:41, Charlie McAvoy (BOS) for Cross-checking (Minor) at 15:52, Samuel Girard (BOS) for Roughing (Minor) at 19:56
2nd period
1. Hartford Whalers , Casey Cizikas 2 (Thomas Chabot 11, Alexis Lafreniere 5) at 0:35 (PP)
2. Boston Bruins , Ryan Donato 6 (Anthony Beauvillier 6, Joel Farabee 11) at 2:05 (PP)
Penalties :
Thomas Chabot (HFD) for Kneeing (Minor) at 1:54, Alexis Lafreniere (HFD) for Interference (Minor) at 2:19, Joel Farabee (BOS) for Tripping (Minor) at 18:13
3rd period
3. Boston Bruins , Phil Kessel 7 (Victor Mete 7, Pavel Zacha 6) at 7:41
Penalties :
John Hayden (HFD) for High sticking (Minor) at 0:52, Joshua Norris (HFD) for Slashing (Minor) at 15:04
Goalie Stats
Anton Forsberg (HFD), 34 saves from 36 shots - (0.944), L, 2-5-3, 58:35 minutes
Pyotr Kochetkov (BOS), 34 saves from 35 shots - (0.971), W, 5-7-1, 60:00 minutes
Players Stats for Hartford Whalers
Player Name G A P +/- PIM S H SB GA TA FO MP PP MP PK MP
------------------------------------------------------------------------------------
Alec Martinez 0 0 0 0 0 0 0 1 0 1 0/0 22:00 3:18 3:38
Alexander Wennberg 0 0 0 -1 0 3 0 0 2 0 11/18 20:00 3:06 4:00
Alexis Lafreniere 0 1 1 0 2 2 0 1 1 0 0/0 14:59 2:50 0:10
Anthony Mantha 0 0 0 0 0 3 0 1 0 0 0/0 11:27 0:17 0:20
Casey Cizikas 1 0 1 0 0 1 1 1 0 0 11/16 18:34 2:50 3:48
Connor Clifton 0 0 0 -1 2 1 0 0 0 0 0/0 14:35 0:00 0:11
Haydn Fleury 0 0 0 0 0 0 0 1 1 0 0/0 9:37 0:00 0:00
Jaccob Slavin 0 0 0 0 0 1 0 1 0 0 0/0 23:35 3:18 4:29
John Hayden 0 0 0 0 2 1 1 0 1 0 1/1 11:08 0:40 0:00
Josh Anderson 0 0 0 -1 0 1 3 0 1 1 0/4 20:14 3:06 3:57
Joshua Norris 0 0 0 0 2 4 0 0 1 2 5/5 11:24 0:35 0:00
Lukas Reichel 0 0 0 0 0 3 0 0 1 0 1/4 9:37 0:00 0:00
Marcus Foligno 0 0 0 0 0 3 3 0 0 0 0/1 14:46 2:50 0:00
Mark Kastelic 0 0 0 0 0 2 3 0 0 0 0/0 10:00 0:23 0:00
Taylor Hall 0 0 0 -1 0 3 0 1 0 1 2/2 19:59 3:06 3:59
Thomas Chabot 0 1 1 0 2 5 1 2 0 1 0/0 23:23 3:18 4:18
Torey Krug 0 0 0 -1 0 1 0 0 0 0 0/0 14:30 0:05 0:00
Trevor van Riemsdyk 0 0 0 0 0 1 1 3 1 1 0/0 22:00 3:18 3:38
Players Stats for Boston Bruins
Player Name G A P +/- PIM S H SB GA TA FO MP PP MP PK MP
------------------------------------------------------------------------------------
Anthony Beauvillier 0 1 1 0 0 5 2 0 0 0 0/0 19:03 3:47 3:19
Austin Wagner 0 0 0 0 0 1 0 0 0 0 0/0 10:04 0:00 0:00
Brandon Hagel 0 0 0 1 0 1 2 1 1 1 2/6 19:42 4:01 3:09
Charlie McAvoy 0 0 0 0 4 3 1 1 1 0 0/0 22:10 4:10 1:33
Dylan Gambrell 0 0 0 0 0 5 0 1 0 0 1/3 10:04 0:00 0:00
Joe Veleno 0 0 0 0 0 1 1 0 0 0 0/3 10:42 0:00 0:11
Joel Farabee 0 1 1 0 2 2 3 0 0 0 0/0 16:04 3:56 0:00
John-Jason Peterka 0 0 0 0 0 0 0 0 2 0 1/2 11:19 0:39 0:00
Mathieu Olivier 0 0 0 0 0 3 2 0 0 0 0/0 10:04 0:00 0:00
Matt Grzelcyk 0 0 0 1 0 0 0 2 0 1 0/0 16:16 0:00 0:21
Nicholas Merkley 0 0 0 0 0 4 0 0 0 0 0/1 10:54 0:14 0:00
Pavel Zacha 0 1 1 1 0 3 1 1 1 1 5/12 19:58 4:08 3:14
Phil Kessel 1 0 1 1 0 2 2 0 2 0 3/9 20:16 3:44 3:19
Ryan Donato 1 0 1 0 0 2 0 0 0 1 8/15 15:08 3:52 0:00
Samuel Girard 0 0 0 0 2 0 3 0 0 0 0/0 20:12 3:57 3:18
Sean Durzi 0 0 0 0 0 3 2 0 0 4 0/0 20:13 3:57 3:18
Tyson Barrie 0 0 0 0 0 1 0 3 0 1 0/0 24:40 4:10 3:18
Victor Mete 0 1 1 1 0 0 0 1 0 0 0/0 16:31 0:00 1:24
3 Stars
1 - Pyotr Kochetkov (BOS)
2 - Phil Kessel (BOS)
3 - Anton Forsberg (HFD)
Power Play
Hartford Whalers - 1 on 4 Attempt(s) - 25.00%
Boston Bruins - 1 on 5 Attempt(s) - 20.00%
Penalty Kill
Hartford Whalers - 4 on 5 Attempt(s) - 80.00%
- Score 0 goal in Penalty Kill
Boston Bruins - 3 on 4 Attempt(s) - 75.00%
- Score 0 goal in Penalty Kill
Team Stat
Hartford Whalers - Hits : 13 - Faceoff Wins : 31 - Blocked Shots : 12 - Penalty Minutes : 10
Boston Bruins - Hits : 19 - Faceoff Wins : 20 - Blocked Shots : 10 - Penalty Minutes : 8
Official
Referees : Mike Hasenfratz and Dan O'Halloran
Linesman : Shane Heyer and Ryan Gibbons
Game Notes
No Game Note
Finance
Level 1 -- Attendance: 4624 (77.07%) -- Ticket Income $462,400
Level 2 -- Attendance: 3808 (76.16%) -- Ticket Income $228,480
Level 3 -- Attendance: 2273 (75.77%) -- Ticket Income $79,555
Level 4 -- Attendance: 3600 (72.00%) -- Ticket Income $90,000
Luxury Box -- Attendance: 759 (75.90%) -- Ticket Income $151,800
Game was played at the TD Garden.
Total Attendance: 15064 (75.32%)
Total Ticket Income: $1,012,235
Other Income: $354,282
Total Income: $1,366,517
Hartford Whalers
5 vs 5 Forward
Center Left Wing Right Wing Time % Phy DF OF
1 Alexander Wennberg Taylor Hall Josh Anderson 30 1 2 2
2 Casey Cizikas Marcus Foligno Alexis Lafreniere 30 1 2 2
3 Joshua Norris Anthony Mantha John Hayden 25 1 2 2
4 Lukas Reichel Mark Kastelic Haydn Fleury 15 1 2 2
5 vs 5 Defense
Defense Defense Time % Phy DF OF
1 Jaccob Slavin Thomas Chabot 35 1 2 2
2 Trevor van Riemsdyk Alec Martinez 35 1 2 2
3 Torey Krug Connor Clifton 30 1 2 2
4 Jaccob Slavin Thomas Chabot 0 1 2 2
PowerPlay Forward
Center Left Wing Right Wing Time % Phy DF OF
1 Alexander Wennberg Taylor Hall Josh Anderson 50 1 2 2
2 Casey Cizikas Marcus Foligno Alexis Lafreniere 50 1 2 2
PowerPlay Defense
Defense Defense Time % Phy DF OF
1 Jaccob Slavin Thomas Chabot 50 1 2 2
2 Trevor van Riemsdyk Alec Martinez 50 1 2 2
Penalty Kill 4 Players Forward
Center Wing Time % Phy DF OF
1 Alexander Wennberg Taylor Hall 50 1 2 2
2 Josh Anderson Casey Cizikas 50 1 2 2
Penalty Kill 4 Players Defense
Defense Defense Time % Phy DF OF
1 Jaccob Slavin Thomas Chabot 50 1 2 2
2 Trevor van Riemsdyk Alec Martinez 50 1 2 2
Penalty Kill - 3 Players Forward
Forward Time % Phy DF OF
1 Alexander Wennberg 50 1 2 2
2 Taylor Hall 50 1 2 2
Penalty Kill - 3 Players Defense
Defense Defense Time % Phy DF OF
1 Jaccob Slavin Thomas Chabot 50 1 2 2
2 Trevor van Riemsdyk Alec Martinez 50 1 2 2
4 vs 4 Forward
Center Wing Time % Phy DF OF
1 Alexander Wennberg Taylor Hall 50 1 2 2
2 Josh Anderson Casey Cizikas 50 1 2 2
4 vs 4 Defense
Defense Defense Time % Phy DF OF
1 Jaccob Slavin Thomas Chabot 50 1 2 2
2 Trevor van Riemsdyk Alec Martinez 50 1 2 2
Last Minutes Offensive
Center Left Wing Right Wing Defense Defense
Alexander Wennberg Taylor Hall Josh Anderson Jaccob Slavin Thomas Chabot
Last Minutes Defensive
Center Left Wing Right Wing Defense Defense
Alexander Wennberg Taylor Hall Josh Anderson Jaccob Slavin Thomas Chabot
Goaltenders
Starting : Anton Forsberg
Backup : Logan Thompson
Extra Forwards
Normal : Mark Kastelic, Joshua Norris, Anthony Mantha - PP : Mark Kastelic, Joshua Norris - PK : Anthony Mantha
Extra Defensemen
Normal : Torey Krug, Connor Clifton, Haydn Fleury - PP : Torey Krug - PK : Connor Clifton, Haydn Fleury
Penalty Shots
Alexander Wennberg, Taylor Hall, Josh Anderson, Casey Cizikas, Marcus Foligno
Boston Bruins
5 vs 5 Forward
Center Left Wing Right Wing Time % Phy DF OF
1 Pavel Zacha Brandon Hagel Phil Kessel 30 1 2 2
2 Ryan Donato Anthony Beauvillier Joel Farabee 30 1 2 2
3 Joe Veleno John-Jason Peterka Nicholas Merkley 25 1 2 2
4 Dylan Gambrell Austin Wagner Mathieu Olivier 15 1 2 2
5 vs 5 Defense
Defense Defense Time % Phy DF OF
1 Charlie McAvoy Tyson Barrie 30 1 2 2
2 Sean Durzi Samuel Girard 30 1 2 2
3 Matt Grzelcyk Victor Mete 25 1 2 2
4 Charlie McAvoy Tyson Barrie 15 1 2 2
PowerPlay Forward
Center Left Wing Right Wing Time % Phy DF OF
1 Pavel Zacha Brandon Hagel Phil Kessel 50 1 2 2
2 Ryan Donato Anthony Beauvillier Joel Farabee 50 1 2 2
PowerPlay Defense
Defense Defense Time % Phy DF OF
1 Charlie McAvoy Tyson Barrie 50 1 2 2
2 Sean Durzi Samuel Girard 50 1 2 2
Penalty Kill 4 Players Forward
Center Wing Time % Phy DF OF
1 Brandon Hagel Pavel Zacha 50 1 2 2
2 Phil Kessel Anthony Beauvillier 50 1 2 2
Penalty Kill 4 Players Defense
Defense Defense Time % Phy DF OF
1 Charlie McAvoy Tyson Barrie 50 1 2 2
2 Sean Durzi Samuel Girard 50 1 2 2
Penalty Kill - 3 Players Forward
Forward Time % Phy DF OF
1 Brandon Hagel 50 1 2 2
2 Pavel Zacha 50 1 2 2
Penalty Kill - 3 Players Defense
Defense Defense Time % Phy DF OF
1 Charlie McAvoy Tyson Barrie 50 1 2 2
2 Sean Durzi Samuel Girard 50 1 2 2
4 vs 4 Forward
Center Wing Time % Phy DF OF
1 Brandon Hagel Pavel Zacha 50 1 2 2
2 Phil Kessel Anthony Beauvillier 50 1 2 2
4 vs 4 Defense
Defense Defense Time % Phy DF OF
1 Charlie McAvoy Tyson Barrie 50 1 2 2
2 Sean Durzi Samuel Girard 50 1 2 2
Last Minutes Offensive
Center Left Wing Right Wing Defense Defense
Pavel Zacha Brandon Hagel Phil Kessel Charlie McAvoy Tyson Barrie
Last Minutes Defensive
Center Left Wing Right Wing Defense Defense
Pavel Zacha Brandon Hagel Phil Kessel Charlie McAvoy Tyson Barrie
Goaltenders
Starting : Pyotr Kochetkov
Backup : Kyle Keyser
Extra Forwards
Normal : John-Jason Peterka, Nicholas Merkley, Joe Veleno - PP : John-Jason Peterka, Nicholas Merkley - PK : Joe Veleno
Extra Defensemen
Normal : Matt Grzelcyk, Victor Mete, Sean Durzi - PP : Matt Grzelcyk - PK : Victor Mete, Sean Durzi
Penalty Shots
Brandon Hagel, Pavel Zacha, Phil Kessel, Anthony Beauvillier, Joel Farabee
% Time on Ice - Hartford Whalers
Lines # - Real PCT - Wanted PCT - Time Play
Normal Forward
1 - 27% - 30% - 11:42
2 - 28% - 30% - 12:18
3 - 24% - 25% - 10:28
4 - 22% - 15% - 9:37
Normal Defense
1 - 33% - 35% - 14:29
2 - 34% - 35% - 15:04
3 - 32% - 30% - 14:16
4 - 1% - 0% - 0:16
PP Forward
1 - 50% - 50% - 3:19
2 - 50% - 50% - 3:17
PP Defense
1 - 50% - 50% - 3:18
2 - 50% - 50% - 3:18
PK Forward
1 - 49% - 50% - 4:00
2 - 51% - 50% - 4:07
PK Defense
1 - 55% - 50% - 4:29
2 - 45% - 50% - 3:38
PK3 Forward
1 - 0% - 50%
2 - 0% - 50%
PK3 Defense
1 - 0% - 50%
2 - 0% - 50%
44 Forward
1 - 0% - 50%
2 - 0% - 50%
44 Defense
1 - 0% - 50%
2 - 0% - 50%
Last Minute Offensive - 1:12
Last Minute Defensive - 0:00
Total
Forward - 60:00
Defense - 60:00
|
% Time on Ice - Boston Bruins
Lines # - Real PCT - Wanted PCT - Time Play
Normal Forward
1 - 26% - 30% - 11:23
2 - 28% - 30% - 12:10
3 - 24% - 25% - 10:27
4 - 23% - 15% - 10:04
Normal Defense
1 - 29% - 30% - 12:49
2 - 29% - 30% - 12:58
3 - 32% - 25% - 13:54
4 - 10% - 15% - 4:23
PP Forward
1 - 52% - 50% - 4:11
2 - 48% - 50% - 3:56
PP Defense
1 - 51% - 50% - 4:10
2 - 49% - 50% - 3:57
PK Forward
1 - 50% - 50% - 3:17
2 - 50% - 50% - 3:19
PK Defense
1 - 50% - 50% - 3:18
2 - 50% - 50% - 3:18
PK3 Forward
1 - 0% - 50%
2 - 0% - 50%
PK3 Defense
1 - 0% - 50%
2 - 0% - 50%
44 Forward
1 - 0% - 50%
2 - 0% - 50%
44 Defense
1 - 0% - 50%
2 - 0% - 50%
Last Minute Offensive - 0:00
Last Minute Defensive - 1:13
Total
Forward - 60:00
Defense - 60:00
|
Play-by-Play
1st period
0:01 of 1st period - Pavel Zacha wins face-off versus Josh Anderson in neutral zone.
1:14 of 1st period - Slapshot by Tyson Barrie.
1:14 of 1st period - Shot Blocked by Trevor van Riemsdyk.
1:50 of 1st period - Alexis Lafreniere is hit by Anthony Beauvillier and loses puck.
2:35 of 1st period - Wrist shot by Mathieu Olivier.
2:35 of 1st period - Stopped by Anton Forsberg without a rebound.
2:36 of 1st period - Dylan Gambrell wins face-off versus Lukas Reichel in Hartford Whalers zone.
2:47 of 1st period - Slapshot by Sean Durzi.
2:47 of 1st period - Shot Misses the Net.
2:49 of 1st period - Slapshot by Sean Durzi.
2:49 of 1st period - Shot Blocked by Jaccob Slavin.
2:51 of 1st period - Slapshot by Sean Durzi.
2:51 of 1st period - Stopped by Anton Forsberg without a rebound.
2:52 of 1st period - Ryan Donato wins face-off versus Alexander Wennberg in Hartford Whalers zone.
2:53 of 1st period - Snap shot by Anthony Beauvillier.
2:53 of 1st period - Stopped by Anton Forsberg with a rebound.
2:55 of 1st period - Wrist shot by Ryan Donato.
2:55 of 1st period - Stopped by Anton Forsberg with a rebound.
3:27 of 1st period - Wrist shot by Brandon Hagel.
3:27 of 1st period - Shot Misses the Net.
3:39 of 1st period - Wrist shot by Dylan Gambrell.
3:39 of 1st period - Stopped by Anton Forsberg with a rebound.
4:19 of 1st period - Slapshot by Alexis Lafreniere.
4:19 of 1st period - Shot Blocked by Dylan Gambrell.
4:21 of 1st period - Slapshot by Connor Clifton.
4:21 of 1st period - Shot Misses the Net.
4:23 of 1st period - Snap shot by Connor Clifton.
4:23 of 1st period - Stopped by Pyotr Kochetkov with a rebound.
5:01 of 1st period - Slapshot by Sean Durzi.
5:01 of 1st period - Stopped by Anton Forsberg with a rebound.
5:07 of 1st period - Samuel Girard is hit by Marcus Foligno and loses puck.
5:12 of 1st period - Snap shot by Alexis Lafreniere.
5:12 of 1st period - Deflect By Marcus Foligno.
5:12 of 1st period - Deflect By Dylan Gambrell.
5:12 of 1st period - Stopped by Pyotr Kochetkov without a rebound.
5:13 of 1st period - Joshua Norris wins face-off versus Joe Veleno in Boston Bruins zone.
5:14 of 1st period - Slapshot by Anthony Mantha.
5:14 of 1st period - Shot Misses the Net.
5:49 of 1st period - Wrist shot by Josh Anderson.
5:49 of 1st period - Shot Blocked by Charlie McAvoy.
5:55 of 1st period - Minor Penalty to Charlie McAvoy for Roughing.
5:56 of 1st period - Alexander Wennberg wins face-off versus Brandon Hagel in Boston Bruins zone.
6:29 of 1st period - Josh Anderson is hit by Phil Kessel and loses puck.
7:53 of 1st period - Tyson Barrie is hit by Josh Anderson and loses puck.
7:55 of 1st period - Penalty to Charlie McAvoy is over, Charlie McAvoy is back on ice.
8:10 of 1st period - Austin Wagner is hit by Mark Kastelic and loses puck.
9:19 of 1st period - Joel Farabee is hit by Thomas Chabot and loses puck.
9:33 of 1st period - Off-side.
9:34 of 1st period - Joshua Norris wins face-off versus Dylan Gambrell in neutral zone.
10:00 of 1st period - Nicholas Merkley is hit by Marcus Foligno and loses puck.
10:13 of 1st period - Alexander Wennberg is hit by Brandon Hagel and loses puck.
10:48 of 1st period - Anthony Beauvillier is hit by Mark Kastelic and loses puck.
11:05 of 1st period - Snap shot by John-Jason Peterka.
11:05 of 1st period - Shot Misses the Net.
11:41 of 1st period - Minor Penalty to Connor Clifton for Hooking.
11:42 of 1st period - Brandon Hagel wins face-off versus Alexander Wennberg in Hartford Whalers zone.
13:41 of 1st period - Penalty to Connor Clifton is over, Connor Clifton is back on ice.
13:44 of 1st period - Icing by John-Jason Peterka.
13:45 of 1st period - John-Jason Peterka wins face-off versus Lukas Reichel in Boston Bruins zone.
13:56 of 1st period - Snap shot by Lukas Reichel.
13:56 of 1st period - Shot Blocked by Tyson Barrie.
14:22 of 1st period - Snap shot by Joshua Norris.
14:22 of 1st period - Shot Misses the Net.
14:24 of 1st period - Slapshot by Connor Clifton.
14:24 of 1st period - Shot Misses the Net.
14:26 of 1st period - Wrist shot by John Hayden.
14:26 of 1st period - Shot Misses the Net.
14:32 of 1st period - Snap shot by Anthony Mantha.
14:32 of 1st period - Stopped by Pyotr Kochetkov with a rebound.
14:34 of 1st period - Snap shot by Joshua Norris.
14:34 of 1st period - Stopped by Pyotr Kochetkov without a rebound.
14:35 of 1st period - Phil Kessel wins face-off versus Alexander Wennberg in Boston Bruins zone.
14:47 of 1st period - Icing by Victor Mete.
14:48 of 1st period - Pavel Zacha wins face-off versus Josh Anderson in Boston Bruins zone.
14:52 of 1st period - Icing by Phil Kessel.
14:53 of 1st period - Alexander Wennberg wins face-off versus Brandon Hagel in Boston Bruins zone.
14:58 of 1st period - Wrist shot by Taylor Hall.
14:58 of 1st period - Stopped by Pyotr Kochetkov without a rebound.
14:59 of 1st period - Taylor Hall wins face-off versus Pavel Zacha in Boston Bruins zone.
15:12 of 1st period - Wrist shot by Alexander Wennberg.
15:12 of 1st period - Stopped by Pyotr Kochetkov without a rebound.
15:13 of 1st period - Joshua Norris wins face-off versus Ryan Donato in Boston Bruins zone.
15:14 of 1st period - Slapshot by John Hayden.
15:14 of 1st period - Stopped by Pyotr Kochetkov with a rebound.
15:16 of 1st period - Wrist shot by John Hayden.
15:16 of 1st period - Shot Misses the Net.
15:18 of 1st period - Slapshot by Joshua Norris.
15:18 of 1st period - Stopped by Pyotr Kochetkov with a rebound.
15:52 of 1st period - Minor Penalty to Charlie McAvoy for Cross-checking.
15:53 of 1st period - Phil Kessel wins face-off versus Casey Cizikas in Boston Bruins zone.
16:08 of 1st period - Slapshot by Thomas Chabot.
16:08 of 1st period - Stopped by Pyotr Kochetkov without a rebound.
16:09 of 1st period - Alexander Wennberg wins face-off versus Brandon Hagel in Boston Bruins zone.
16:12 of 1st period - Slapshot by Taylor Hall.
16:12 of 1st period - Shot Blocked by Pavel Zacha.
16:40 of 1st period - Slapshot by Marcus Foligno.
16:40 of 1st period - Stopped by Pyotr Kochetkov without a rebound.
16:41 of 1st period - Phil Kessel wins face-off versus Casey Cizikas in Boston Bruins zone.
16:46 of 1st period - Trevor van Riemsdyk is hit by Anthony Beauvillier and loses puck.
17:52 of 1st period - Penalty to Charlie McAvoy is over, Charlie McAvoy is back on ice.
18:05 of 1st period - Snap shot by Tyson Barrie.
18:05 of 1st period - Shot Misses the Net.
18:31 of 1st period - Slapshot by Thomas Chabot.
18:31 of 1st period - Shot Misses the Net.
19:09 of 1st period - Marcus Foligno is hit by Phil Kessel and loses puck.
19:16 of 1st period - Snap shot by Pavel Zacha.
19:16 of 1st period - Stopped by Anton Forsberg without a rebound.
19:17 of 1st period - Pavel Zacha wins face-off versus Alexander Wennberg in Hartford Whalers zone.
19:20 of 1st period - Snap shot by Phil Kessel.
19:20 of 1st period - Stopped by Anton Forsberg with a rebound.
19:42 of 1st period - Anthony Mantha is hit by Samuel Girard and loses puck.
19:56 of 1st period - Minor Penalty to Samuel Girard for Roughing.
19:57 of 1st period - Casey Cizikas wins face-off versus Phil Kessel in Boston Bruins zone.
Goals for this period are 0 for Hartford Whalers vs 0 for Boston Bruins.
Shots for this period are 10 for Hartford Whalers vs 8 for Boston Bruins.
2nd period
0:01 of 2nd period - Casey Cizikas wins face-off versus Phil Kessel in neutral zone.
0:03 of 2nd period - Off-side.
0:04 of 2nd period - Casey Cizikas wins face-off versus Phil Kessel in neutral zone.
0:09 of 2nd period - Slapshot by Alexis Lafreniere.
0:09 of 2nd period - Stopped by Pyotr Kochetkov with a rebound.
0:11 of 2nd period - Slapshot by Jaccob Slavin.
0:11 of 2nd period - Shot Misses the Net.
0:13 of 2nd period - Slapshot by Thomas Chabot.
0:13 of 2nd period - Stopped by Pyotr Kochetkov without a rebound.
0:14 of 2nd period - Casey Cizikas wins face-off versus Brandon Hagel in Boston Bruins zone.
0:15 of 2nd period - Snap shot by Thomas Chabot.
0:15 of 2nd period - Stopped by Pyotr Kochetkov with a rebound.
0:17 of 2nd period - Slapshot by Jaccob Slavin.
0:17 of 2nd period - Stopped by Pyotr Kochetkov with a rebound.
0:19 of 2nd period - Snap shot by Casey Cizikas.
0:19 of 2nd period - Shot Hit the Post.
0:21 of 2nd period - Slapshot by Jaccob Slavin.
0:21 of 2nd period - Shot Blocked by Tyson Barrie.
0:23 of 2nd period - Snap shot by Alexis Lafreniere.
0:23 of 2nd period - Stopped by Pyotr Kochetkov without a rebound.
0:24 of 2nd period - Brandon Hagel wins face-off versus Casey Cizikas in Boston Bruins zone.
0:35 of 2nd period - Slapshot by Thomas Chabot.
0:35 of 2nd period - Deflect By Casey Cizikas.
0:35 of 2nd period - Deflect By Charlie McAvoy.
0:35 of 2nd period - Goal by Casey Cizikas - Hartford Whalers : 1 - Boston Bruins : 0.
0:36 of 2nd period - Ryan Donato wins face-off versus Casey Cizikas in neutral zone.
1:51 of 2nd period - Snap shot by Joe Veleno.
1:51 of 2nd period - Stopped by Anton Forsberg without a rebound.
1:52 of 2nd period - Casey Cizikas wins face-off versus Ryan Donato in Hartford Whalers zone.
1:54 of 2nd period - Minor Penalty to Thomas Chabot for Kneeing.
1:55 of 2nd period - Ryan Donato wins face-off versus Josh Anderson in Hartford Whalers zone.
2:05 of 2nd period - Snap shot by Ryan Donato.
2:05 of 2nd period - Goal by Ryan Donato - Hartford Whalers : 1 - Boston Bruins : 1.
2:06 of 2nd period - Ryan Donato wins face-off versus Casey Cizikas in neutral zone.
2:16 of 2nd period - Slapshot by Joel Farabee.
2:16 of 2nd period - Stopped by Anton Forsberg without a rebound.
2:17 of 2nd period - Casey Cizikas wins face-off versus Ryan Donato in Hartford Whalers zone.
2:19 of 2nd period - Minor Penalty to Alexis Lafreniere for Interference.
2:20 of 2nd period - Alexander Wennberg wins face-off versus Pavel Zacha in Hartford Whalers zone.
2:28 of 2nd period - Phil Kessel is hit by Trevor van Riemsdyk and loses puck.
4:19 of 2nd period - Penalty to Alexis Lafreniere is over, Alexis Lafreniere is back on ice.
4:26 of 2nd period - Slapshot by Thomas Chabot.
4:26 of 2nd period - Stopped by Pyotr Kochetkov with a rebound.
5:41 of 2nd period - Jaccob Slavin is hit by Sean Durzi and loses puck.
5:58 of 2nd period - Mathieu Olivier is hit by Casey Cizikas and loses puck.
6:13 of 2nd period - Off-side.
6:14 of 2nd period - Alexander Wennberg wins face-off versus Joe Veleno in neutral zone.
6:29 of 2nd period - Snap shot by Taylor Hall.
6:29 of 2nd period - Shot Misses the Net.
7:42 of 2nd period - Ryan Donato is hit by Josh Anderson and loses puck.
8:11 of 2nd period - Wrist shot by Dylan Gambrell.
8:11 of 2nd period - Stopped by Anton Forsberg with a rebound.
8:13 of 2nd period - Wrist shot by Victor Mete.
8:13 of 2nd period - Shot Blocked by Thomas Chabot.
9:33 of 2nd period - Snap shot by Sean Durzi.
9:33 of 2nd period - Shot Misses the Net.
9:35 of 2nd period - Slapshot by Sean Durzi.
9:35 of 2nd period - Stopped by Anton Forsberg with a rebound.
9:37 of 2nd period - Snap shot by Anthony Beauvillier.
9:37 of 2nd period - Shot Misses the Net.
9:39 of 2nd period - Snap shot by Samuel Girard.
9:39 of 2nd period - Shot Misses the Net.
9:55 of 2nd period - Wrist shot by Nicholas Merkley.
9:55 of 2nd period - Stopped by Anton Forsberg without a rebound.
9:56 of 2nd period - Alexander Wennberg wins face-off versus Ryan Donato in Hartford Whalers zone.
10:09 of 2nd period - Slapshot by Anthony Beauvillier.
10:09 of 2nd period - Stopped by Anton Forsberg with a rebound.
10:11 of 2nd period - Slapshot by Tyson Barrie.
10:11 of 2nd period - Deflect By Anthony Beauvillier.
10:11 of 2nd period - Stopped by Anton Forsberg with a rebound.
10:23 of 2nd period - Phil Kessel is hit by Marcus Foligno and loses puck.
10:39 of 2nd period - Icing by Marcus Foligno.
10:40 of 2nd period - Joshua Norris wins face-off versus Joe Veleno in Hartford Whalers zone.
10:55 of 2nd period - Wrist shot by Joshua Norris.
10:55 of 2nd period - Stopped by Pyotr Kochetkov with a rebound.
11:05 of 2nd period - Taylor Hall is hit by Joel Farabee and loses puck.
11:16 of 2nd period - Wrist shot by Anthony Beauvillier.
11:16 of 2nd period - Stopped by Anton Forsberg with a rebound.
11:18 of 2nd period - Backhand shot by Samuel Girard.
11:18 of 2nd period - Shot Misses the Net.
12:14 of 2nd period - Nicholas Merkley is hit by John Hayden.
13:44 of 2nd period - Slapshot by Lukas Reichel.
13:44 of 2nd period - Stopped by Pyotr Kochetkov without a rebound.
13:45 of 2nd period - Ryan Donato wins face-off versus Lukas Reichel in Boston Bruins zone.
13:58 of 2nd period - Snap shot by Mark Kastelic.
13:58 of 2nd period - Stopped by Pyotr Kochetkov with a rebound.
14:00 of 2nd period - Slapshot by Trevor van Riemsdyk.
14:00 of 2nd period - Shot Blocked by Matt Grzelcyk.
14:49 of 2nd period - Wrist shot by Anthony Mantha.
14:49 of 2nd period - Stopped by Pyotr Kochetkov with a rebound.
15:14 of 2nd period - Slapshot by Anthony Beauvillier.
15:14 of 2nd period - Stopped by Anton Forsberg with a rebound.
15:39 of 2nd period - Mark Kastelic is hit by Joel Farabee and loses puck.
15:58 of 2nd period - Wrist shot by Mark Kastelic.
15:58 of 2nd period - Stopped by Pyotr Kochetkov without a rebound.
15:59 of 2nd period - Pavel Zacha wins face-off versus Alexander Wennberg in Boston Bruins zone.
16:10 of 2nd period - Snap shot by Pavel Zacha.
16:10 of 2nd period - Stopped by Anton Forsberg without a rebound.
16:11 of 2nd period - Alexander Wennberg wins face-off versus Pavel Zacha in Hartford Whalers zone.
16:11 of 2nd period - Alexander Wennberg is hit by Sean Durzi.
16:37 of 2nd period - Marcus Foligno is hit by Samuel Girard and loses puck.
16:46 of 2nd period - Snap shot by Dylan Gambrell.
16:46 of 2nd period - Shot Blocked by Casey Cizikas.
16:48 of 2nd period - Slapshot by Matt Grzelcyk.
16:48 of 2nd period - Shot Misses the Net.
16:50 of 2nd period - Slapshot by Matt Grzelcyk.
16:50 of 2nd period - Shot Blocked by Alec Martinez.
17:10 of 2nd period - Wrist shot by Anthony Mantha.
17:10 of 2nd period - Stopped by Pyotr Kochetkov with a rebound.
17:12 of 2nd period - Snap shot by Trevor van Riemsdyk.
17:12 of 2nd period - Deflect By John-Jason Peterka.
17:12 of 2nd period - Stopped by Pyotr Kochetkov with a rebound.
17:21 of 2nd period - Off-side.
17:22 of 2nd period - Lukas Reichel wins face-off versus Ryan Donato in neutral zone.
17:25 of 2nd period - Snap shot by Thomas Chabot.
17:25 of 2nd period - Shot Misses the Net.
17:33 of 2nd period - Slapshot by Charlie McAvoy.
17:33 of 2nd period - Shot Misses the Net.
17:44 of 2nd period - Icing by Jaccob Slavin.
17:45 of 2nd period - Alexander Wennberg wins face-off versus Phil Kessel in Hartford Whalers zone.
17:56 of 2nd period - Snap shot by Brandon Hagel.
17:56 of 2nd period - Shot Misses the Net.
17:58 of 2nd period - Slapshot by Pavel Zacha.
17:58 of 2nd period - Deflect By Thomas Chabot.
17:58 of 2nd period - Shot Misses the Net.
17:58 of 2nd period - Puck is out of play.
17:59 of 2nd period - Ryan Donato wins face-off versus Marcus Foligno in Hartford Whalers zone.
18:13 of 2nd period - Minor Penalty to Joel Farabee for Tripping.
18:14 of 2nd period - Taylor Hall wins face-off versus Phil Kessel in Boston Bruins zone.
19:18 of 2nd period - Wrist shot by Anthony Beauvillier.
19:18 of 2nd period - Shot Blocked by Taylor Hall.
Goals for this period are 1 for Hartford Whalers vs 1 for Boston Bruins.
Shots for this period are 14 for Hartford Whalers vs 11 for Boston Bruins.
3rd period
0:01 of 3rd period - Alexander Wennberg wins face-off versus Phil Kessel in neutral zone.
0:13 of 3rd period - Penalty to Joel Farabee is over, Joel Farabee is back on ice.
0:19 of 3rd period - Wrist shot by Charlie McAvoy.
0:19 of 3rd period - Stopped by Anton Forsberg with a rebound.
0:37 of 3rd period - Slapshot by Tyson Barrie.
0:37 of 3rd period - Stopped by Anton Forsberg with a rebound.
0:39 of 3rd period - Wrist shot by Joel Farabee.
0:39 of 3rd period - Shot Misses the Net.
0:41 of 3rd period - Slapshot by Charlie McAvoy.
0:41 of 3rd period - Deflect By Anthony Mantha.
0:41 of 3rd period - Stopped by Anton Forsberg with a rebound.
0:43 of 3rd period - Slapshot by Phil Kessel.
0:43 of 3rd period - Shot Blocked by Anthony Mantha.
0:52 of 3rd period - Minor Penalty to John Hayden for High sticking.
0:53 of 3rd period - Alexander Wennberg wins face-off versus Pavel Zacha in Hartford Whalers zone.
2:16 of 3rd period - Thomas Chabot is hit by Brandon Hagel and loses puck.
2:31 of 3rd period - Josh Anderson is hit by Joel Farabee and loses puck.
2:52 of 3rd period - Penalty to John Hayden is over, John Hayden is back on ice.
3:20 of 3rd period - Backhand shot by Tyson Barrie.
3:20 of 3rd period - Shot Blocked by Haydn Fleury.
4:03 of 3rd period - Brandon Hagel is hit by Mark Kastelic and loses puck.
4:16 of 3rd period - Matt Grzelcyk is hit by Josh Anderson.
5:14 of 3rd period - Icing by Connor Clifton.
5:15 of 3rd period - Alexander Wennberg wins face-off versus Pavel Zacha in Hartford Whalers zone.
5:15 of 3rd period - Alexander Wennberg is hit by Pavel Zacha.
5:41 of 3rd period - Slapshot by Alexander Wennberg.
5:41 of 3rd period - Stopped by Pyotr Kochetkov without a rebound.
5:42 of 3rd period - Casey Cizikas wins face-off versus Ryan Donato in Boston Bruins zone.
5:47 of 3rd period - Snap shot by Marcus Foligno.
5:47 of 3rd period - Shot Blocked by Victor Mete.
5:49 of 3rd period - Wrist shot by Casey Cizikas.
5:49 of 3rd period - Deflect By Alexis Lafreniere.
5:49 of 3rd period - Shot Blocked by Matt Grzelcyk.
5:49 of 3rd period - Puck is out of play.
5:50 of 3rd period - Casey Cizikas wins face-off versus Ryan Donato in Boston Bruins zone.
6:15 of 3rd period - Wrist shot by Taylor Hall.
6:15 of 3rd period - Stopped by Pyotr Kochetkov with a rebound.
6:17 of 3rd period - Slapshot by Alexander Wennberg.
6:17 of 3rd period - Shot Misses the Net.
6:19 of 3rd period - Slapshot by Josh Anderson.
6:19 of 3rd period - Shot Misses the Net.
6:21 of 3rd period - Slapshot by Josh Anderson.
6:21 of 3rd period - Stopped by Pyotr Kochetkov with a rebound.
6:23 of 3rd period - Wrist shot by Josh Anderson.
6:23 of 3rd period - Shot Misses the Net.
6:25 of 3rd period - Wrist shot by Josh Anderson.
6:25 of 3rd period - Shot Blocked by Tyson Barrie.
6:43 of 3rd period - Wrist shot by Nicholas Merkley.
6:43 of 3rd period - Stopped by Anton Forsberg with a rebound.
6:45 of 3rd period - Slapshot by Nicholas Merkley.
6:45 of 3rd period - Shot Misses the Net.
7:04 of 3rd period - Trevor van Riemsdyk is hit by Mathieu Olivier and loses puck.
7:39 of 3rd period - Snap shot by Pavel Zacha.
7:39 of 3rd period - Shot Misses the Net.
7:41 of 3rd period - Snap shot by Victor Mete.
7:41 of 3rd period - Deflect By Phil Kessel.
7:41 of 3rd period - Goal by Phil Kessel - Hartford Whalers : 1 - Boston Bruins : 2.
7:42 of 3rd period - Pavel Zacha wins face-off versus Alexander Wennberg in neutral zone.
7:45 of 3rd period - Josh Anderson is hit by Samuel Girard and loses puck.
8:28 of 3rd period - Snap shot by Joshua Norris.
8:28 of 3rd period - Stopped by Pyotr Kochetkov with a rebound.
8:30 of 3rd period - Backhand shot by Anthony Mantha.
8:30 of 3rd period - Shot Misses the Net.
8:50 of 3rd period - Slapshot by Dylan Gambrell.
8:50 of 3rd period - Shot Misses the Net.
8:54 of 3rd period - Wrist shot by Mathieu Olivier.
8:54 of 3rd period - Stopped by Anton Forsberg with a rebound.
8:56 of 3rd period - Slapshot by Dylan Gambrell.
8:56 of 3rd period - Stopped by Anton Forsberg with a rebound.
8:58 of 3rd period - Slapshot by Dylan Gambrell.
8:58 of 3rd period - Stopped by Anton Forsberg with a rebound.
9:47 of 3rd period - Wrist shot by Taylor Hall.
9:47 of 3rd period - Stopped by Pyotr Kochetkov with a rebound.
10:09 of 3rd period - Snap shot by Alexander Wennberg.
10:09 of 3rd period - Stopped by Pyotr Kochetkov without a rebound.
10:10 of 3rd period - Casey Cizikas wins face-off versus Pavel Zacha in Boston Bruins zone.
10:11 of 3rd period - Snap shot by Marcus Foligno.
10:11 of 3rd period - Stopped by Pyotr Kochetkov without a rebound.
10:12 of 3rd period - Casey Cizikas wins face-off versus Pavel Zacha in Boston Bruins zone.
10:15 of 3rd period - Slapshot by Thomas Chabot.
10:15 of 3rd period - Stopped by Pyotr Kochetkov with a rebound.
11:01 of 3rd period - Snap shot by Lukas Reichel.
11:01 of 3rd period - Stopped by Pyotr Kochetkov with a rebound.
11:03 of 3rd period - Slapshot by Thomas Chabot.
11:03 of 3rd period - Shot Misses the Net.
11:05 of 3rd period - Snap shot by Lukas Reichel.
11:05 of 3rd period - Shot Misses the Net.
11:07 of 3rd period - Wrist shot by Haydn Fleury.
11:07 of 3rd period - Shot Misses the Net.
11:49 of 3rd period - Alec Martinez is hit by Joe Veleno and loses puck.
11:56 of 3rd period - Backhand shot by Nicholas Merkley.
11:56 of 3rd period - Shot Blocked by Trevor van Riemsdyk.
11:58 of 3rd period - Slapshot by Charlie McAvoy.
11:58 of 3rd period - Stopped by Anton Forsberg with a rebound.
12:00 of 3rd period - Snap shot by Nicholas Merkley.
12:00 of 3rd period - Stopped by Anton Forsberg with a rebound.
12:32 of 3rd period - Connor Clifton is hit by Mathieu Olivier and loses puck.
12:43 of 3rd period - Snap shot by Dylan Gambrell.
12:43 of 3rd period - Deflect By Austin Wagner.
12:43 of 3rd period - Stopped by Anton Forsberg with a rebound.
13:55 of 3rd period - Snap shot by Joel Farabee.
13:55 of 3rd period - Stopped by Anton Forsberg with a rebound.
13:57 of 3rd period - Wrist shot by Dylan Gambrell.
13:57 of 3rd period - Shot Blocked by Trevor van Riemsdyk.
14:25 of 3rd period - Slapshot by Phil Kessel.
14:25 of 3rd period - Shot Misses the Net.
14:27 of 3rd period - Slapshot by Brandon Hagel.
14:27 of 3rd period - Stopped by Anton Forsberg without a rebound.
14:28 of 3rd period - Ryan Donato wins face-off versus Alexander Wennberg in Hartford Whalers zone.
14:59 of 3rd period - Snap shot by Phil Kessel.
14:59 of 3rd period - Shot Misses the Net.
15:01 of 3rd period - Wrist shot by Pavel Zacha.
15:01 of 3rd period - Stopped by Anton Forsberg without a rebound.
15:02 of 3rd period - John Hayden wins face-off versus John-Jason Peterka in Hartford Whalers zone.
15:04 of 3rd period - Minor Penalty to Joshua Norris for Slashing.
15:05 of 3rd period - Ryan Donato wins face-off versus Josh Anderson in Hartford Whalers zone.
15:16 of 3rd period - Taylor Hall is hit by Charlie McAvoy and loses puck.
15:49 of 3rd period - Snap shot by Josh Anderson.
15:49 of 3rd period - Shot Misses the Net.
16:01 of 3rd period - Snap shot by Alexander Wennberg.
16:01 of 3rd period - Shot Blocked by Brandon Hagel.
17:04 of 3rd period - Penalty to Joshua Norris is over, Joshua Norris is back on ice.
17:15 of 3rd period - Snap shot by John-Jason Peterka.
17:15 of 3rd period - Deflect By Nicholas Merkley.
17:15 of 3rd period - Stopped by Anton Forsberg with a rebound.
17:17 of 3rd period - Snap shot by Joe Veleno.
17:17 of 3rd period - Shot Blocked by Thomas Chabot.
17:38 of 3rd period - Icing by Matt Grzelcyk.
17:39 of 3rd period - Casey Cizikas wins face-off versus Dylan Gambrell in Boston Bruins zone.
17:48 of 3rd period - Wrist shot by Mathieu Olivier.
17:48 of 3rd period - Shot Misses the Net.
17:54 of 3rd period - Wrist shot by Mathieu Olivier.
17:54 of 3rd period - Stopped by Anton Forsberg with a rebound.
17:56 of 3rd period - Wrist shot by Mathieu Olivier.
17:56 of 3rd period - Shot Misses the Net.
18:02 of 3rd period - Wrist shot by Dylan Gambrell.
18:02 of 3rd period - Shot Blocked by Alexis Lafreniere.
18:04 of 3rd period - Wrist shot by Dylan Gambrell.
18:04 of 3rd period - Stopped by Anton Forsberg without a rebound.
18:05 of 3rd period - Joshua Norris wins face-off versus Nicholas Merkley in Hartford Whalers zone.
18:18 of 3rd period - Snap shot by Joshua Norris.
18:18 of 3rd period - Shot Misses the Net.
18:35 of 3rd period - Hartford Whalers, Anton Forsberg is pulled from the net.
18:37 of 3rd period - Snap shot by Lukas Reichel.
18:37 of 3rd period - Stopped by Pyotr Kochetkov with a rebound.
18:39 of 3rd period - Slapshot by Torey Krug.
18:39 of 3rd period - Stopped by Pyotr Kochetkov with a rebound.
19:32 of 3rd period - Snap shot by Pavel Zacha.
19:32 of 3rd period - Shot Misses the Net.
Goals for this period are 0 for Hartford Whalers vs 1 for Boston Bruins.
Shots for this period are 11 for Hartford Whalers vs 17 for Boston Bruins.
Back to the Top